TOP OF THE 1ST |
Mississippi Mockingbirds batting - Pitching for Thunder Bay Northern Lions BC : RHP Roger Rodenburg
|
Pitching: RHP Roger Rodenburg
|
|
Batting: LHB Rylen Roersma
|
0-0: Called Strike 0-1: Called Strike 0-2: Ball 1-2: Ground out U3 (Groundball, 3, EV 100.6 MPH)
|
Batting: RHB Steve Marwat
|
0-0: Ball 1-0: Ground out 3-1 (Groundball, 34, EV 91.9 MPH)
|
Batting: RHB Dean Shamakani
|
0-0: Foul Ball, location: 2F 0-1: Swinging Strike 0-2: Foul Ball, location: 2F 0-2: Ball 1-2: Strikes out swinging
|
Top of the 1st over - 0 runs, 0 hits, 0 errors, 0 left on base; Mississippi 0 - Thunder Bay 0 |
BOTTOM OF THE 1ST |
Thunder Bay Northern Lions BC batting - Pitching for Mississippi Mockingbirds : RHP Todd Denton
|
Pitching: RHP Todd Denton
|
|
Batting: LHB Ramón Padilla
|
0-0: Ball 1-0: Called Strike 1-1: Ground out 3-1 (Groundball, 34, EV 80.0 MPH)
|
Batting: RHB Charles Josse
|
0-0: Foul Ball, location: 2F 0-1: Ball 1-1: Fly out, F4 (Line Drive, 4, EV 65.6 MPH)
|
Batting: LHB Keaton Kringlen
|
0-0: Ball 1-0: SINGLE (Groundball, 34D, EV 109.4 MPH)
|
Batting: LHB Sébastien Cornu
|
0-0: Foul Ball, location: 2F 0-1: Called Strike 0-2: Ball 1-2: Foul Ball, location: 2F 1-2: Foul Ball, location: 2F 1-2: Ball 2-2: Ball 3-2: Foul Ball, location: 2F 3-2: Foul Ball, location: 2F 3-2: DOUBLE (Line Drive, 5D, EV 103.8 MPH) Keaton Kringlen to third Keaton Kringlen scores
|
Batting: RHB Curf Pierstisnips
|
0-0: Foul Ball, location: 2F 0-1: Foul Ball, location: 2F 0-2: Ball 1-2: Strikes out swinging
|
Bottom of the 1st over - 1 run, 2 hits, 0 errors, 1 left on base; Mississippi 0 - Thunder Bay 1 |
TOP OF THE 2ND |
Mississippi Mockingbirds batting - Pitching for Thunder Bay Northern Lions BC : RHP Roger Rodenburg
|
Batting: RHB Júlio Coronado
|
0-0: Called Strike 0-1: Ball 1-1: Ball 2-1: Swinging Strike 2-2: Foul Ball, location: 2F 2-2: Foul Ball, location: 2F 2-2: SINGLE (Line Drive, 9S, EV 91.2 MPH)
|
Batting: LHB Seb Blanch
|
0-0: Foul Ball, location: 2F 0-1: Ball 1-1: Foul Ball, location: 2F 1-2: Foul Ball, location: 2F 1-2: Foul Ball, location: 2F 1-2: Foul Ball, location: 2F 1-2: Foul Ball, location: 2F 1-2: Foul Ball, location: 2F 1-2: SINGLE (Line Drive, 4D, EV 99.4 MPH) Júlio Coronado to second
|
Batting: RHB Doug Allerdale
|
0-0: 3-RUN HOME RUN (Flyball, 9LD, EV 103.1 MPH), Distance : 328 ft
|
Batting: LHB Riley Rowbery
|
0-0: Ball 1-0: Foul Ball, location: 2F 1-1: Swinging Strike 1-2: Foul Ball, location: 2F 1-2: Strikes out swinging
|
Batting: RHB Jorge Muńóz
|
0-0: Ball 1-0: Ball 2-0: Called Strike 2-1: Called Strike 2-2: Ground out 5-3 (Groundball, 5S, EV 92.5 MPH)
|
Batting: LHB Wu-shun Chu
|
0-0: Ball 1-0: Called Strike 1-1: Reached on error, E6 (Groundball, 4M, EV 94.4 MPH)
|
Batting: LHB Rylen Roersma
|
0-0: Called Strike 0-1: Ball 1-1: Foul Ball, location: 2F 1-2: Foul Ball, location: 2F 1-2: Foul Ball, location: 2F 1-2: Ball Wild Pitch! Wu-shun Chu to second 2-2: Ball 3-2: Foul Ball, location: 2F 3-2: SINGLE (Groundball, 34D, EV 101.9 MPH) Wu-shun Chu to third Wu-shun Chu scores
|
Batting: RHB Steve Marwat
|
0-0: Ball 1-0: Swinging Strike 1-1: Called Strike 1-2: Ball 2-2: Ball 3-2: Foul Ball, location: 2F 3-2: Strikes out swinging
|
Top of the 2nd over - 4 runs, 4 hits, 1 error, 1 left on base; Mississippi 4 - Thunder Bay 1 |
BOTTOM OF THE 2ND |
Thunder Bay Northern Lions BC batting - Pitching for Mississippi Mockingbirds : RHP Todd Denton
|
Batting: LHB Yao-pang Chiang
|
0-0: Ball 1-0: Ball 2-0: Ball 3-0: Called Strike 3-1: Base on Balls
|
Batting: RHB Dusty Crum
|
0-0: Ball 1-0: Foul Ball, location: 2F 1-1: Called Strike 1-2: Ball 2-2: Foul Ball, location: 2F 2-2: Foul Ball, location: 2F 2-2: DOUBLE (Line Drive, 78M, EV 93.1 MPH) Yao-pang Chiang to third
|
Batting: RHB Griffin Woodfinlevine
|
0-0: Ball 1-0: Called Strike 1-1: Ball 2-1: Ball 3-1: Called Strike 3-2: Base on Balls
|
Batting: LHB Barry Flauker
|
0-0: Ball 1-0: Foul Ball, location: 2F 1-1: SINGLE (Line Drive, 6D, EV 98.8 MPH) Yao-pang Chiang scores Dusty Crum to third Griffin Woodfinlevine to second
|
Batting: LHB Ramón Padilla
|
0-0: Called Strike 0-1: Swinging Strike 0-2: Fielders Choice at 2nd, 4-6 (Groundball, 4, EV 104.4 MPH) Dusty Crum scores Griffin Woodfinlevine to third
|
Batting: RHB Charles Josse
|
0-0: Fielders Choice at 2nd, 6-4 (Groundball, 6S, EV 90.0 MPH) Griffin Woodfinlevine scores
|
Batting: LHB Keaton Kringlen
|
0-0: Called Strike Charles Josse steals 2nd base 0-1: Ball 1-1: Fly out, F7 (Flyball, 7S, EV 89.4 MPH)
|
Bottom of the 2nd over - 3 runs, 2 hits, 0 errors, 1 left on base; Mississippi 4 - Thunder Bay 4 |
TOP OF THE 3RD |
Mississippi Mockingbirds batting - Pitching for Thunder Bay Northern Lions BC : RHP Roger Rodenburg
|
Batting: RHB Dean Shamakani
|
0-0: Called Strike 0-1: Foul Ball, location: 2F 0-2: Ball 1-2: Foul Ball, location: 2F 1-2: Reached on error, E3 (Groundball, 3, EV 85.0 MPH)
|
Batting: RHB Júlio Coronado
|
0-0: Ball 1-0: Ball 2-0: Ball 3-0: Called Strike 3-1: Grounds into double play, 4-6-3 (Groundball, 4, EV 110.0 MPH)
|
Batting: LHB Seb Blanch
|
0-0: Called Strike 0-1: Foul Ball, location: 2F 0-2: Foul Ball, location: 2F 0-2: Ball 1-2: Foul Ball, location: 2F 1-2: Foul Ball, location: 2F 1-2: Ball 2-2: Foul Ball, location: 2F 2-2: Ball 3-2: DOUBLE (Line Drive, 7LS, EV 90.6 MPH)
|
Batting: RHB Doug Allerdale
|
0-0: Ball 1-0: Called Strike 1-1: Fly out, F7 (Flyball, 7LS, EV 90.0 MPH)
|
Top of the 3rd over - 0 runs, 1 hit, 1 error, 1 left on base; Mississippi 4 - Thunder Bay 4 |
BOTTOM OF THE 3RD |
Thunder Bay Northern Lions BC batting - Pitching for Mississippi Mockingbirds : RHP Todd Denton
|
Batting: LHB Sébastien Cornu
|
0-0: Called Strike 0-1: Foul Ball, location: 2F 0-2: Foul Ball, location: 2F 0-2: Ball 1-2: Strikes out swinging
|
Batting: RHB Curf Pierstisnips
|
0-0: Ball 1-0: Foul Ball, location: 2F 1-1: Ball 2-1: Ground out 5-3 (Groundball, 56, EV 106.9 MPH)
|
Batting: LHB Yao-pang Chiang
|
0-0: Ball 1-0: Called Strike 1-1: Ball 2-1: Fly out, F7 (Flyball, 7, EV 84.4 MPH)
|
Bottom of the 3rd over - 0 runs, 0 hits, 0 errors, 0 left on base; Mississippi 4 - Thunder Bay 4 |
TOP OF THE 4TH |
Mississippi Mockingbirds batting - Pitching for Thunder Bay Northern Lions BC : RHP Roger Rodenburg
|
Batting: LHB Riley Rowbery
|
0-0: Ground out 6-3 (Groundball, 4M, EV 90.0 MPH)
|
Batting: RHB Jorge Muńóz
|
0-0: Swinging Strike 0-1: Ball 1-1: Called Strike 1-2: Strikes out looking
|
Batting: LHB Wu-shun Chu
|
0-0: Ball 1-0: Reached on error, E4 (Groundball, 4, EV 92.5 MPH)
|
Batting: LHB Rylen Roersma
|
0-0: Ball 1-0: SINGLE (Line Drive, 9S, EV 93.1 MPH) Wu-shun Chu to second Runner from 2nd tries for 3rd, SAFE, throw by RF made to third
|
Batting: RHB Steve Marwat
|
0-0: Ball 1-0: Swinging Strike 1-1: Foul Ball, location: 2F 1-2: Ball 2-2: Fly out, F8 (Flyball, 8LM, EV 93.1 MPH)
|
Top of the 4th over - 0 runs, 1 hit, 1 error, 2 left on base; Mississippi 4 - Thunder Bay 4 |
BOTTOM OF THE 4TH |
Thunder Bay Northern Lions BC batting - Pitching for Mississippi Mockingbirds : RHP Todd Denton
|
Batting: RHB Dusty Crum
|
0-0: Called Strike 0-1: SINGLE (Line Drive, 78S, EV 105.0 MPH)
|
Batting: RHB Griffin Woodfinlevine
|
0-0: Fly out, F5 (Line Drive, 5, EV 68.1 MPH)
|
Batting: LHB Barry Flauker
|
0-0: Called Strike 0-1: Ball 1-1: Grounds into double play, 6-4-3 (Groundball, 6, EV 86.2 MPH)
|
Bottom of the 4th over - 0 runs, 1 hit, 0 errors, 0 left on base; Mississippi 4 - Thunder Bay 4 |
TOP OF THE 5TH |
Mississippi Mockingbirds batting - Pitching for Thunder Bay Northern Lions BC : RHP Roger Rodenburg
|
Batting: RHB Dean Shamakani
|
0-0: Ball 1-0: Foul Ball, location: 2F 1-1: Foul Ball, location: 2F 1-2: Strikes out swinging
|
Batting: RHB Júlio Coronado
|
0-0: Ball 1-0: Ball 2-0: Called Strike 2-1: Ball 3-1: SINGLE (Groundball, 56D, EV 95.0 MPH)
|
Batting: LHB Seb Blanch
|
0-0: Fly out, F4 (Line Drive, 4, EV 75.6 MPH)
|
Batting: RHB Doug Allerdale
|
0-0: Ground out 4-3 (Groundball, 4, EV 83.8 MPH)
|
Top of the 5th over - 0 runs, 1 hit, 0 errors, 1 left on base; Mississippi 4 - Thunder Bay 4 |
BOTTOM OF THE 5TH |
Thunder Bay Northern Lions BC batting - Pitching for Mississippi Mockingbirds : RHP Todd Denton
|
Batting: LHB Ramón Padilla
|
0-0: Called Strike 0-1: Ball 1-1: Bunted foul 1-2: Foul Ball, location: 2F 1-2: Foul Ball, location: 2F 1-2: DOUBLE (Flyball, 8RXD, EV 104.4 MPH)
|
Batting: RHB Charles Josse
|
0-0: Called Strike 0-1: Ball 1-1: Foul Ball, location: 2F 1-2: Ball 2-2: Ball 3-2: Ground out 6-3 (Groundball, 6, EV 86.2 MPH)
|
Batting: LHB Keaton Kringlen
|
0-0: Ball 1-0: Ball 2-0: Called Strike 2-1: Called Strike 2-2: Fly out, F7 (Flyball, 7LS, EV 89.4 MPH)
|
Batting: LHB Sébastien Cornu
|
0-0: Ball 1-0: Fly out, F8 (Flyball, 78M, EV 93.1 MPH)
|
Bottom of the 5th over - 0 runs, 1 hit, 0 errors, 1 left on base; Mississippi 4 - Thunder Bay 4 |
TOP OF THE 6TH |
Mississippi Mockingbirds batting - Pitching for Thunder Bay Northern Lions BC : RHP Roger Rodenburg
|
Pitching: RHP Miguel Rodríguez
|
|
Batting: LHB Riley Rowbery
|
0-0: Called Strike 0-1: Foul Ball, location: 2F 0-2: Ball 1-2: Strikes out looking
|
Batting: RHB Jorge Muńóz
|
0-0: Fly out, F8 (Flyball, 78D, EV 95.0 MPH)
|
Batting: LHB Wu-shun Chu
|
0-0: Foul Ball, location: 2F 0-1: Ball 1-1: Ground out 4-3 (Groundball, 4, EV 79.4 MPH)
|
Top of the 6th over - 0 runs, 0 hits, 0 errors, 0 left on base; Mississippi 4 - Thunder Bay 4 |
BOTTOM OF THE 6TH |
Thunder Bay Northern Lions BC batting - Pitching for Mississippi Mockingbirds : RHP Todd Denton
|
Batting: RHB Curf Pierstisnips
|
0-0: Ball 1-0: Called Strike 1-1: Ball 2-1: Ball 3-1: Base on Balls
|
Batting: LHB Yao-pang Chiang
|
0-0: Ball Curf Pierstisnips steals 2nd base 1-0: Ball 2-0: Called Strike 2-1: Fly out, F8 (Line Drive, 8RD, EV 92.5 MPH)
|
Batting: RHB Dusty Crum
|
0-0: Ball 1-0: Ground out 5-3 (Groundball, 56, EV 90.0 MPH)
|
Batting: RHB Griffin Woodfinlevine
|
0-0: Called Strike 0-1: Ball 1-1: Called Strike 1-2: Foul Ball, location: 2F 1-2: Ball 2-2: Foul Ball, location: 2F 2-2: Foul Ball, location: 2F 2-2: Foul Ball, location: 2F 2-2: Ball 3-2: Base on Balls
|
Pitching: LHP Dan Stokes
|
|
Batting: LHB Barry Flauker
|
0-0: Ball 1-0: Called Strike 1-1: Ball 2-1: Ball 3-1: Foul Ball, location: 2F 3-2: Ground out U3 (Groundball, 3, EV 83.8 MPH)
|
Bottom of the 6th over - 0 runs, 0 hits, 0 errors, 2 left on base; Mississippi 4 - Thunder Bay 4 |
TOP OF THE 7TH |
Mississippi Mockingbirds batting - Pitching for Thunder Bay Northern Lions BC : RHP Miguel Rodríguez
|
Pitching: RHP Jason Huggins
|
|
Batting: LHB Rylen Roersma
|
0-0: Ground out 4-3 (Groundball, 4, EV 87.5 MPH)
|
Batting: RHB Steve Marwat
|
0-0: Ball 1-0: Foul Ball, location: 2F 1-1: Ball 2-1: SINGLE (Groundball, 56D, EV 95.6 MPH)
|
Batting: RHB Dean Shamakani
|
0-0: Ball Steve Marwat is caught stealing 2nd base 2-4 1-0: Ball 2-0: TRIPLE (Groundball, 3L, EV 103.1 MPH)
|
Batting: RHB Júlio Coronado
|
0-0: Called Strike 0-1: Foul Ball, location: 2F 0-2: Ball 1-2: Strikes out swinging
|
Top of the 7th over - 0 runs, 2 hits, 0 errors, 1 left on base; Mississippi 4 - Thunder Bay 4 |
BOTTOM OF THE 7TH |
Thunder Bay Northern Lions BC batting - Pitching for Mississippi Mockingbirds : LHP Dan Stokes
|
Batting: LHB Ramón Padilla
|
0-0: Ball 1-0: Swinging Strike 1-1: Ball 2-1: Called Strike 2-2: Foul Ball, location: 2F 2-2: Ball 3-2: Base on Balls
|
Batting: RHB Charles Josse
|
0-0: Sac Bunt to 5S - play at first, batter OUT! 5-4 Ramón Padilla to second
|
Batting: LHB Keaton Kringlen
|
0-0: Ball 1-0: Swinging Strike 1-1: Called Strike 1-2: Ball 2-2: Strikes out swinging
|
Batting: LHB Sébastien Cornu
|
0-0: Swinging Strike 0-1: Fly out, F8 (Flyball, 8RM, EV 81.9 MPH)
|
Bottom of the 7th over - 0 runs, 0 hits, 0 errors, 1 left on base; Mississippi 4 - Thunder Bay 4 |
TOP OF THE 8TH |
Mississippi Mockingbirds batting - Pitching for Thunder Bay Northern Lions BC : RHP Jason Huggins
|
Batting: LHB Seb Blanch
|
0-0: Ball 1-0: Foul Ball, location: 2F 1-1: Called Strike 1-2: Ball 2-2: Strikes out swinging
|
Batting: RHB Doug Allerdale
|
0-0: Called Strike 0-1: Foul Ball, location: 2F 0-2: Foul Ball, location: 2F 0-2: Strikes out swinging
|
Batting: LHB Riley Rowbery
|
0-0: Ball 1-0: Ball 2-0: Called Strike 2-1: Ball 3-1: Foul Ball, location: 2F 3-2: Base on Balls
|
Pitching: LHP Peace Addo
|
|
Batting: RHB Jorge Muńóz
|
0-0: Ball 1-0: Ball 2-0: Called Strike 2-1: Ball 3-1: Ground out 1-3 (Groundball, 13S, EV 66.2 MPH)
|
Top of the 8th over - 0 runs, 0 hits, 0 errors, 1 left on base; Mississippi 4 - Thunder Bay 4 |
BOTTOM OF THE 8TH |
Thunder Bay Northern Lions BC batting - Pitching for Mississippi Mockingbirds : LHP Dan Stokes
|
Batting: RHB Curf Pierstisnips
|
0-0: Foul Ball, location: 2F 0-1: Ground out 4-3 (Groundball, 34, EV 86.2 MPH)
|
Batting: LHB Yao-pang Chiang
|
0-0: Ball 1-0: Ball 2-0: Ball 3-0: Base on Balls
|
Batting: RHB Dusty Crum
|
0-0: Foul Ball, location: 2F 0-1: Foul Ball, location: 2F 0-2: Foul Ball, location: 2F 0-2: Ball 1-2: Grounds into double play, 4-6-3 (Groundball, 4, EV 98.8 MPH)
|
Bottom of the 8th over - 0 runs, 0 hits, 0 errors, 0 left on base; Mississippi 4 - Thunder Bay 4 |
TOP OF THE 9TH |
Mississippi Mockingbirds batting - Pitching for Thunder Bay Northern Lions BC : LHP Peace Addo
|
Pinch Hitting: RHB Quinn Albracht
|
0-0: Called Strike 0-1: Ground out 4-3 (Groundball, 4, EV 103.1 MPH)
|
Batting: LHB Rylen Roersma
|
0-0: Fly out, F9 (Flyball, 9LM, EV 80.0 MPH)
|
Batting: RHB Steve Marwat
|
0-0: Called Strike 0-1: Ball 1-1: Ball 2-1: SINGLE (Groundball, 4MD, EV 105.6 MPH)
|
Batting: RHB Dean Shamakani
|
0-0: Called Strike 0-1: Reached on error, E4 (Groundball, 4, EV 76.9 MPH) Steve Marwat to second
|
Batting: RHB Júlio Coronado
|
0-0: Ball 1-0: Called Strike 1-1: Foul Ball, location: 2F 1-2: Ball 2-2: Ball 3-2: Base on Balls Steve Marwat to third Dean Shamakani to second
|
Batting: LHB Seb Blanch
|
0-0: Ball 1-0: Called Strike 1-1: DOUBLE (Line Drive, 3D, EV 102.5 MPH) Steve Marwat scores Dean Shamakani scores Júlio Coronado to third
|
Batting: RHB Doug Allerdale
|
0-0: Ball 1-0: Called Strike 1-1: Ball 2-1: Foul Ball, location: 2F 2-2: Ball 3-2: Foul Ball, location: 2F 3-2: Base on Balls
|
Batting: LHB Riley Rowbery
|
0-0: Ball 1-0: Fly out, F5 (Popup, 5F, EV 68.8 MPH)
|
Top of the 9th over - 2 runs, 2 hits, 1 error, 3 left on base; Mississippi 6 - Thunder Bay 4 |
BOTTOM OF THE 9TH |
Thunder Bay Northern Lions BC batting - Pitching for Mississippi Mockingbirds : LHP Dan Stokes
|
Pitching: RHP Javier Benavides
|
|
Now in CF: Jorge Indiano
|
|
Batting: RHB Griffin Woodfinlevine
|
0-0: Called Strike 0-1: Fly out, F6 (Line Drive, 6, EV 66.2 MPH)
|
Batting: LHB Barry Flauker
|
0-0: Foul Ball, location: 2F 0-1: SINGLE (Line Drive, 78S, EV 111.2 MPH)
|
Batting: LHB Ramón Padilla
|
0-0: Ball 1-0: Foul Ball, location: 2F 1-1: Ball 2-1: Ball 3-1: SINGLE (Line Drive, 8RS, EV 93.8 MPH) Barry Flauker to second
|
Batting: RHB Charles Josse
|
0-0: Ball 1-0: Foul Ball, location: 2F 1-1: Ball 2-1: Ball 3-1: Swinging Strike 3-2: Fly out, F8 (Flyball, 8RD, EV 100.0 MPH)
|
Batting: LHB Keaton Kringlen
|
0-0: Called Strike 0-1: Foul Ball, location: 2F 0-2: Ball 1-2: Foul Ball, location: 2F 1-2: Ground out 1-3 (Groundball, 34S, EV 72.5 MPH)
|
Bottom of the 9th over - 0 runs, 2 hits, 0 errors, 2 left on base; Mississippi 6 - Thunder Bay 4 |
|